 Dungeon Crawl Stone Soup version 0.30-a0-728-gc68057be0a (webtiles) character file.

Game seed: 14683715602019844326

905 Dittersdorf the Shield-Bearer (level 8, -1/51 HPs)
             Began as a Gargoyle Fighter on Jan 30, 2023.
             Slain by Pikel
             ... wielding a +2 whip of electrocution
              (4 damage)
             ... in the Ecumenical Temple.
             The game lasted 00:06:53 (4535 turns).

Dittersdorf the Shield-Bearer (Gargoyle Fighter)    Turns: 4535, Time: 00:06:53

Health: -1/51      AC: 17    Str: 21    XL:     8   Next: 8%
Magic:  8/8        EV:  9    Int: 10    God:
Gold:   437        SH:  5    Dex:  9    Spells: 7/7 levels left

rFire   + . .      SeeInvis .    a - +0 flail
rCold   . . .      Faith    .    c - +0 buckler
rNeg    + . .      Spirit   .    o - +3 scale mail {rF+}
rPois   ∞          Reflect  .    (no helmet)
rElec   +          Harm     .    (no cloak)
rCorr   +          Rampage  .    b - +0 pair of gloves
Will    +....                    (no boots) Stlth
                                 v - amulet of magic regeneration
HPRegen 0.28/turn                e - ring of willpower
MPRegen 0.51/turn                p - ring of resist corrosion

@: no status effects
A: sickness immunity, AC +5, negative energy resistance 1, electricity
resistance, torment resistance 1, petrification resistance
a: no special abilities


You were in the Ecumenical Temple.
You visited 2 branches of the dungeon, and saw 6 of its levels.

You collected 437 gold pieces.

Inventory:

Hand Weapons
 a - a +0 flail (weapon)
Missiles
 s - 9 poisoned darts (quivered)
Armour
 b - a +0 pair of gloves (worn)
 c - a +0 buckler (worn)
 o - a +3 scale mail of fire resistance (worn)
Jewellery
 e - a ring of willpower (left hand)
 m - a ring of ice
 p - a ring of resist corrosion (right hand)
 v - an amulet of magic regeneration (around neck)
 z - a ring of magical power
Wands
 u - a wand of flame (14)
Scrolls
 h - 5 scrolls of teleportation {unknown}
 j - 3 scrolls of identify {unknown}
 k - a scroll of immolation {unknown}
 n - 2 scrolls of noise {unknown}
 q - a scroll of butterflies {unknown}
 t - a scroll of brand weapon {unknown}
 w - a scroll of magic mapping {unknown}
 y - a scroll of vulnerability {unknown}
Potions
 d - 2 potions of might
 f - 2 potions of attraction {unknown}
 g - a potion of resistance {unknown}
 i - 2 potions of brilliance {unknown}
 l - a potion of haste {unknown}
 r - a potion of flight {unknown}
 x - a potion of mutation {unknown}


   Skills:
 + Level 5.8 Fighting
 + Level 4.8 Maces & Flails
 + Level 5.8 Armour
 + Level 5.9 Shields


You had 7 spell levels left.
You didn't know any spells.
Your spell library contained the following spells:

 Spells                   Type           Power      Damage    Failure   Level
 Ignite Poison            Fire/Tmut/Pois 0%         N/A       98%         3
 Sticky Flame             Conj/Fire      0%         2d3       100%        4
 Ignition                 Fire           0%         3d3       100%        8


Dungeon Overview and Level Annotations

Branches:
Dungeon (5/15)             Temple (1/1) D:5

Altars:
Ashenzari
Dithmenos
Elyvilon
Fedhas
Gozag
Hepliaklqana
Makhleb
Nemelex Xobeh
Sif Muna
Trog
Vehumet
Wu Jian
Xom
Yredelemnul
Zin

Shops:
D:4 [

Annotations:
D:3 1 runed translucent door, Crazy Yiuf
Temple Pikel


Innate Abilities, Weirdness & Mutations

You are immune to sickness and miasma.
Your stone body is resilient. (AC +5)
You are immune to poison.
You resist negative energy. (rN+)
You are resistant to electric shocks. (rElec)
You are resistant to unholy torment.
You are immune to petrification.


Message History

You block the lemure's attack.
You barely miss Pikel.
Pikel is severely wounded.
Pikel hits you but does no damage. The lemure hits you but does no damage.
You sock Pikel!
Pikel is almost dead.
Pikel hits you but does no damage. The lemure closely misses you.
You hit Pikel.
Pikel is almost dead.
Pikel hits you but does no damage. The lemure hits you but does no damage.
You barely miss Pikel.
Pikel is almost dead.
Pikel hits you but does no damage. The lemure hits you but does no damage.
Pikel hits you with a +2 whip of electrocution.
The lemure hits you.
You closely miss Pikel.
Pikel is almost dead.
Pikel hits you with a +2 whip of electrocution.
* * * LOW HITPOINT WARNING * * *
The lemure hits you.
* * * LOW HITPOINT WARNING * * *
You barely miss Pikel.
Pikel is almost dead.
Pikel barely misses you. The lemure hits you.
* * * LOW HITPOINT WARNING * * *
You hit Pikel but do no damage.
Pikel is almost dead.
Pikel hits you with a +2 whip of electrocution.
* * * LOW HITPOINT WARNING * * *
The lemure closely misses you.
You barely miss Pikel.
Pikel is almost dead.
Pikel barely misses you. The lemure hits you but does no damage.
You barely miss Pikel.
Pikel is almost dead.
Pikel hits you with a +2 whip of electrocution.
* * * LOW HITPOINT WARNING * * *
The lemure hits you but does no damage.
Pikel hits you with a +2 whip of electrocution.
You die...

##...._....##
#_..........#
##..._...._..##
##.............##
##...............#
#...._..©.©..._...
###################
#........©8©.......
#.@†...............
#.K5.....©8©.......
###################
#_......©.©..._.._
##...............#
##...._...._...##
##...........##
#.........._#
##.........##


You could see Pikel and a lemure.

Vanquished Creatures
  Grinder (D:3)
  A black bear (D:4)
  A lemure (Temple)
  A gnoll sergeant (D:5)
  2 scorpions (D:4)
  A jelly (D:4)
  A hound (D:5)
  An orc priest (D:2)
  A gnoll bouda (D:3)
  Terence (D:3)
  An iguana (D:5)
  14 gnolls
  4 adders
  A white imp (D:5)
  2 worms
  A dart slug (D:1)
  10 orcs
  10 ball pythons
  A bat (D:3)
  3 endoplasms
  2 giant cockroaches
  5 goblins
  7 hobgoblins
  6 jackals
  4 kobolds
  A quokka (D:2)
  2 frilled lizards
  3 rats
88 creatures vanquished.

Vanquished Creatures (others)
  2 fungi (D:5)
  4 toadstools (D:5)
6 creatures vanquished.

Grand Total: 94 creatures vanquished

Notes
Turn   | Place    | Note
-------+----------+-------------------------------------------
     0 | D:1      | Dittersdorf the Gargoyle Fighter began the quest for the
                  | Orb.
     0 | D:1      | Reached XP level 1. HP: 14/14 MP: 1/1
   179 | D:1      | Reached XP level 2. HP: 19/19 MP: 2/2
   825 | D:2      | Reached XP level 3. HP: 23/23 MP: 3/3
  1292 | D:3      | Found a radiant altar of Vehumet.
  1294 | D:3      | Noticed Terence
  1451 | D:2      | Reached XP level 4. HP: 8/29 MP: 4/4
  1563 | D:3      | Killed Terence
  1585 | D:3      | Reached XP level 5. HP: 15/33 MP: 5/5
  2180 | D:3      | Noticed Grinder
  2210 | D:3      | Paralysed by Grinder for 4 turns
  2219 | D:3      | Killed Grinder
  2220 | D:3      | Reached XP level 6. HP: 13/40 MP: 6/6
  2772 | D:3      | Found a runed translucent door.
  2773 | D:3      | Noticed Crazy Yiuf
  2840 | D:4      | Found Xyodeemp's Armour Shop.
  2865 | D:4      | Reached skill level 5 in Fighting
  2865 | D:4      | Reached skill level 5 in Armour
  2865 | D:4      | Reached skill level 5 in Shields
  2865 | D:4      | Reached XP level 7. HP: 44/44 MP: 7/7
  3641 | D:5      | Entered Level 5 of the Dungeon
  4179 | D:5      | Reached XP level 8. HP: 36/51 MP: 8/8
  4437 | D:5      | Found a hazy altar of Hepliaklqana.
  4443 | D:5      | Noticed Pikel
  4448 | D:5      | Found a staircase to the Ecumenical Temple.
  4457 | Temple   | Entered the Ecumenical Temple
  4457 | Temple   | Found a transporter.
  4457 | Temple   | Found a transporter.
  4463 | Temple   | Found a transporter.
  4463 | Temple   | Found a transporter.
  4535 | Temple   | Slain by Pikel

Illustrated notes

Levels and vault maps discovered:
D:1:      dpeg_arrival_pits, layout_loops_ring
D:2:      layout_rooms
D:3:      layout_basic, nicolae_vehumet_altar_sigil, lightli_corner_chamber,
          uniq_crazy_yiuf_cottage, uniq_terence, uniq_grinder
D:4:      layout_basic, serial_shops, nicolae_shop_hallway_plus
D:5:      layout_basic, mainiacjoe_overflow_brackets,
          gammafunk_temple_overflow_wave, minmay_temple_entry_ruins,
          chequers_serial_rivers_large_b, minmay_gold_behind_fungi,
          corexii_hall_statues_x, grunt_decor_arrowhead, uniq_pikel
Temple:   hellmonk_temple_divided_pantheon

Skill      XL: |  1  2  3  4  5  6  7 |
---------------+----------------------+-----
Shields        | 4 5 |  5.9
Fighting       | 4 5 |  5.8
Armour         | 4 5 |  5.8
Maces & Flails | 3 4 |  4.8

Action                     |  1- 3 |  4- 6 |  7- 9 || total
---------------------------+-------+-------+-------++-------
  Melee: Flail             |    86 |    93 |   218 ||   397
 Armour: Scale mail        |    18 |    36 |   122 ||   176
         Chain mail        |    26 |    15 |       ||    41
  Dodge: Dodged            |    29 |    32 |   109 ||   170
  Block: Buckler           |    10 |    15 |    62 ||    87

Table legend: (Time is in decaauts)
 A = Elapsed time spent in this place.
 B = Non-inter-level travel time spent in this place.
 C = Inter-level travel time spent in this place.
 D = Time resting spent in this place.
 E = Time spent auto-exploring this place.
 F = Levels seen in this place.
 G = Mean time per level.
                   A        B        C        D        E       F      G
               +--------+--------+--------+--------+--------+-----+--------+
         Total |   4668 |   4431 |    237 |    563 |   2818 |   6 |  778.0 |
       Dungeon |   4586 |   4349 |    237 |    563 |   2818 |   5 |  917.2 |
        Temple |     81 |     81 |      0 |      0 |      0 |   1 |   81.0 |
               +--------+--------+--------+--------+--------+-----+--------+

Top non-repeatable levels by time:
     D:3: 1501 daAuts
     D:4: 870 daAuts
     D:5: 781 daAuts
     D:1: 732 daAuts
     D:2: 699 daAuts
  Temple: 81 daAuts
